 Dungeon Crawl Stone Soup version 0.30.0-29-ga12c61a403 (webtiles) character file.

Game seed: 4064540320079557926

2570 Fecro the Covert (level 9, 0/44 HPs)
             Began as a Spriggan Brigand on June 13, 2023.
             Was a Believer of Dithmenos.
             Slain by a wolf (5 damage)
             ... on level 7 of the Dungeon.
             The game lasted 00:40:47 (9119 turns).

Fecro the Covert (Spriggan Brigand)                 Turns: 9119, Time: 00:40:48

Health: 0/44       AC:  5    Str:  7    XL:     9   Next: 32%
Magic:  18/18      EV: 19    Int: 12    God:    Dithmenos [**....]
Gold:   343        SH:  0    Dex: 21    Spells: 18/19 levels left

rFire   . . .        z - +0 shortbow
rCold   . . .        (shield currently unavailable)
rNeg    + . .        q - +2 robe {rN+}
rPois   .            (helmet restricted)
rElec   .            c - +0 cloak
rCorr   .            (gloves unavailable)
SInv    +            (boots unavailable)
Will    +....        (no amulet)
Stlth   +++++++      (no ring)
HPRegen 0.27/turn    (no ring)
MPRegen 0.16/turn

%: no passive effects
@: wreathed by umbra, very quick
A: very small, no large weapons, unfitting armour, see invisible, speed 3
a: Renounce Religion, Shadow Step


You were on level 7 of the Dungeon.
You worshipped Dithmenos.
Dithmenos was pleased with you.
You visited 2 branches of the dungeon, and saw 10 of its levels.

You collected 343 gold pieces.

Inventory:

Hand Weapons
 a - a +2 dagger
 z - a +0 shortbow (weapon)
Missiles
 r - 6 poisoned darts
Armour
 c - a +0 cloak (worn)
 q - a +2 robe of positive energy (worn)
Jewellery
 f - an amulet of magic regeneration
 x - a ring of positive energy
Wands
 w - a wand of digging (4)
 G - a wand of flame (9)
Scrolls
 b - 3 scrolls of brand weapon {unknown}
 e - a scroll of teleportation {unknown}
 j - a scroll of magic mapping {unknown}
 k - 10 scrolls of identify {unknown}
 l - 3 scrolls of enchant armour {unknown}
 o - a scroll of acquirement {unknown}
 s - a scroll of immolation {unknown}
 t - 3 scrolls of blinking {unknown}
 v - 3 scrolls of fear {unknown}
 y - a scroll of torment {unknown}
 A - a scroll of summoning {unknown}
 C - a scroll of vulnerability {unknown}
 D - a scroll of amnesia {unknown}
 F - a scroll of poison {unknown}
Potions
 g - 4 potions of curing {unknown}
 h - 2 potions of flight {unknown}
 i - 2 potions of ambrosia {unknown}
 m - 2 potions of degeneration {unknown}
 n - a potion of cancellation {unknown}
 p - 3 potions of mutation {unknown}
 u - 5 potions of heal wounds {unknown}
 B - a potion of lignification {unknown}
 E - a potion of might
 H - a potion of magic {unknown}
 I - a potion of brilliance {unknown}


   Skills:
 + Level 3.2 Fighting
 + Level 5.2 Short Blades
 + Level 3.7 Ranged Weapons
 * Level 6.2 Throwing
 + Level 4.0 Dodging
 + Level 11.7 Stealth
 * Level 5.8 Spellcasting
 + Level 0.2 Evocations


You had 18 spell levels left.
You knew the following spells:

 Your Spells              Type           Power      Damage    Failure   Level
a - Summon Small Mammal   Summ           12%        N/A       19%         1

Your spell library contained the following spells:

 Spells                   Type           Power      Damage    Failure   Level
 Call Canine Familiar     Summ           3%         N/A       47%         3
 Gell's Gravitas          Tloc           3%         N/A       50%         3
 Summon Guardian Golem    Hex/Summ       3%         N/A       50%         3
 Teleport Other           Tloc           3%         N/A       50%         3
 Vhi's Electric Charge    Tloc/Air       6%         N/A       50%         3
 Anguish                  Hex/Necr       1%         N/A       88%         4
 Cause Fear               Hex            1%         N/A       88%         4
 Arcjolt                  Conj/Air       1%         1d11      99%         5
 Dispersal                Tloc           1%         N/A       100%        6
 Plasma Beam              Fire/Air       1%         2x1d12    100%        6
 Enfeeble                 Hex            1%         N/A       100%        7


Dungeon Overview and Level Annotations

Branches:
Dungeon (9/15)             Temple (1/1) D:4
   Lair: D:8-11         Orc: D:9-12

Altars:
Cheibriados
Dithmenos
Elyvilon
Fedhas
Hepliaklqana
Kikubaaqudgha
Nemelex Xobeh
Okawaru
Qazlal
Ru
Sif Muna
Trog
Uskayaw
Wu Jian
Xom
Yredelemnul
Zin

Annotations:
D:4 Menkaure
D:5 Prince Ribbit
D:8 Amaemon


Innate Abilities, Weirdness & Mutations

You are very small and have problems with some larger weapons.
You are too small for most types of armour.
You have supernaturally acute eyesight. (SInv)
You cover ground extremely quickly. (Speed+++)


Message History

Amaemon completely misses you. The wolf barely misses you.
There is a stone staircase leading up here.
The wolf bites you.
Amaemon hits you with a -1 demon whip of venom.
Amaemon claws you but does no damage. Amaemon misses you.
The wolf completely misses you.
The rime drake hisses angrily.
You climb upwards.
There is a stone staircase leading down here.
The wolf barely misses you.
Amaemon hits you with a -1 demon whip of venom.
You are poisoned.
Amaemon claws you but does no damage. Amaemon tail-slaps you.
You feel sick. The wolf misses you. The wolf attacks as you move away!
The wolf closely misses you.
You feel sick.
You feel sick.
There is an open door here.
You feel sick. The wolf attacks as you move away! The wolf barely misses you.
You feel sick. The wolf attacks as you move away! The wolf misses you.
You feel sick.
Things that are here:
a +0 spear; a +0 spear The wolf attacks as you move away!
The wolf misses you.
You feel sick.
Things that are here:
a +0 spear; a +0 robe; a +0 club You feel sick.
You feel sick.
There is a stone staircase leading up, spattered with blood here.
You feel sick. The wolf bites you but does no damage. The wolf misses you.
You climb upwards.
You feel sick.
You are no longer poisoned.
There is a stone staircase leading down here.
The wolf stops to sniff the ground.
The wolf attacks as you move away! The wolf bites you!
* * * LOW HITPOINT WARNING * * *
The wolf attacks as you move away! The wolf closely misses you.
The wolf attacks as you move away! The wolf bites you.
* * * LOW HITPOINT WARNING * * *
The wolf attacks as you move away! The wolf bites you.
You die...

#..........##..........
##.......†.............
####.....#............
##..####...........
#..# ##........... #..#
#............ #.##
#............ #h#
#............ #@#
#...........# #.#
###.........# #.#
##.......## ##.#
######### #..##
#...####### ##
###.........########
.##
##..................##
..#
##...#................#


You could see a wolf.

Vanquished Creatures
  A yak (D:7)
  A steam dragon (D:8)
  3 black bears
  2 ice beasts
  A sky beast (D:7)
  An ogre (D:4)
  4 phantoms
  2 kobold brigands
  Blork the orc (D:5)
  A bullfrog (D:8)
  3 scorpions
  A gnoll bouda (D:8)
  A jelly (D:6)
  3 orc priests
  6 sleepcaps
  Crazy Yiuf (D:6)
  2 hounds
  Jessica (D:3)
  5 iguanas
  6 orc wizards
  7 adders
  6 gnolls
  2 shadow imps
  An ufetubus (D:5)
  3 dart slugs
  27 orcs
  6 endoplasms
  3 giant cockroaches
  5 goblins
  10 hobgoblins
  A jackal (D:3)
  7 kobolds
  3 quokkas
  8 ball pythons
  3 bats
  5 frilled lizards
  6 rats
  A spectral orc (D:3)
150 creatures vanquished.

Vanquished Creatures (others)
  A human (D:5)
1 creature vanquished.

Grand Total: 151 creatures vanquished

Notes
Turn   | Place    | Note
-------+----------+-------------------------------------------
     0 | D:1      | Fecro the Spriggan Brigand began the quest for the Orb.
     0 | D:1      | Reached XP level 1. HP: 10/10 MP: 2/2
    82 | D:1      | Reached skill level 6 in Stealth
   125 | D:1      | Reached XP level 2. HP: 14/14 MP: 3/3
   468 | D:1      | Reached skill level 7 in Stealth
   634 | D:1      | Reached XP level 3. HP: 18/18 MP: 4/4
   925 | D:2      | Found a faded altar of an unknown god.
  1068 | D:2      | Found the +8 whip "Snakebite" {venom, curare, rPois}
  1579 | D:3      | Noticed Jessica
  1586 | D:3      | Killed Jessica
  1587 | D:3      | Reached skill level 1 in Spellcasting
  1587 | D:3      | Reached XP level 4. HP: 23/23 MP: 6/6
  1685 | D:3      | Reached skill level 8 in Stealth
  1845 | D:3      | Found a sacrificial altar of Ru.
  2184 | D:3      | Found a basalt altar of Yredelemnul.
  2218 | D:4      | Found a glowing silver altar of Zin.
  2331 | D:4      | Reached XP level 5. HP: 26/26 MP: 8/8
  2398 | D:4      | Reached skill level 9 in Stealth
  2767 | D:4      | Reached XP level 6. HP: 22/30 MP: 9/11
  2812 | D:4      | Found a staircase to the Ecumenical Temple.
  2818 | Temple   | Entered the Ecumenical Temple
  2884 | Temple   | Became a worshipper of Dithmenos the Shadowed
  3202 | D:4      | Noticed Menkaure
  3864 | D:5      | Entered Level 5 of the Dungeon
  3900 | D:5      | Found an ancient bone altar of Kikubaaqudgha.
  3901 | D:5      | Noticed a human
  3905 | D:5      | Killed a human
  3910 | D:5      | Found a blossoming altar of Fedhas.
  4066 | D:4      | Reached XP level 7. HP: 22/35 MP: 11/13
  4157 | D:5      | Reached skill level 10 in Stealth
  4264 | D:5      | Found a white marble altar of Elyvilon.
  4424 | D:5      | Noticed Blork the orc
  4440 | D:5      | Killed Blork the orc
  4752 | D:5      | Found a hazy altar of Hepliaklqana.
  4943 | D:6      | Found a runed translucent door.
  4944 | D:6      | Noticed Crazy Yiuf
  5130 | D:6      | Reached skill level 11 in Stealth
  5154 | D:6      | Reached skill level 1 in Ranged Weapons
  5154 | D:6      | Reached XP level 8. HP: 39/39 MP: 15/15
  5396 | D:6      | Reached * piety under Dithmenos
  5550 | D:6      | Noticed Prince Ribbit
  6511 | D:6      | Killed Crazy Yiuf
  6512 | D:6      | Reached skill level 5 in Spellcasting
  7384 | D:7      | Reached ** piety under Dithmenos
  7385 | D:7      | Reached skill level 5 in Throwing
  7705 | D:7      | Found an ornate altar of the Wu Jian Council.
  7907 | D:8      | Learned a level 1 spell: Summon Small Mammal
  7916 | D:8      | Reached skill level 5 in Short Blades
  7916 | D:8      | Reached XP level 9. HP: 44/44 MP: 18/18
  8201 | D:8      | Found a basalt altar of Yredelemnul.
  8541 | D:8      | Noticed a three-headed hydra
  8787 | D:9      | Noticed Amaemon
  8788 | D:9      | Noticed an orange demon
  8789 | D:9      | Noticed a rime drake
  8790 | D:9      | Noticed a two-headed ogre
  9119 | D:7      | Slain by a wolf

Illustrated notes

Levels and vault maps discovered:
D:1:      psy_arrival_fountain, layout_basic, interstate_on_off
D:2:      layout_basic, chequers_ecumenical_altar_simple
D:3:      layout_loops_ring, nicolae_ru_awakened_eye,
          yredelemnul_forgotten_temple_becter, hex_large, st_stairs_1,
          uniq_jessica
D:4:      layout_basic, zin_academy, minmay_temple_entry_enclosed_plants,
          minmay_misc_feat_room, uniq_menkaure
D:5:      layout_basic, tgw_kikubaaqudgha, mainiacjoe_overflow_brackets,
          elyvilon_altar_5, lemuel_doored_altar, chequers_serial_rivers_marsh,
          uniq_blork_the_orc
D:6:      layout_loops_cross, uniq_crazy_yiuf_cottage, uniq_prince_ribbit1
D:7:      layout_cave_pods, nzn_wu_jian_contemplation
D:8:      layout_cave_pools, grunt_ministairs_4, skrybe_limestone_x,
          hangedman_feature_mirror, hangedman_abyss_or_decor_slice,
          hangedman_ranch
D:9:      layout_stronghold, hellmonk_lair_entry_icy, hiddenorc2_lemuel,
          wad_dig_loot, uniq_amaemon
Temple:   hellmonk_temple_beads

Skill      XL: |  1  2  3  4  5  6  7  8  9 |
---------------+----------------------------+-----
Stealth        | 6 7 8 9 11 | 11.7
Spellcasting   | 1 2 3 4 5 |  5.8
Short Blades   | 3 4 5 |  5.2
Fighting       | 2 3 |  3.2
Dodging        | 2 3 4 |  4.0
Throwing       | 3 5 6 |  6.2
Ranged Weapons | 1 3 |  3.7
Evocations     | |  0.2

Action                     |  1- 3 |  4- 6 |  7- 9 || total
---------------------------+-------+-------+-------++-------
  Melee: Dagger            |    79 |   181 |   270 ||   530
         Whip              |     3 |       |       ||     3
         Punch             |       |     3 |     5 ||     8
   Fire: Sling             |       |     3 |    39 ||    42
         Shortbow          |       |       |    69 ||    69
  Throw: Dart              |       |    42 |    73 ||   115
         Boomerang         |       |       |    54 ||    54
   Cast: Summon Small Mamm |       |       |     1 ||     1
  Evoke: Wand              |       |     6 |       ||     6
   Stab: Sleeping          |    18 |    15 |    17 ||    50
         Distracted        |     2 |       |       ||     2
 Armour: Robe              |     4 |    22 |    31 ||    57
  Dodge: Dodged            |    59 |    93 |   170 ||   322
